 Dungeon Crawl Stone Soup version 0.22-a0-782-g038298e (webtiles) character file.

168 sking99 the Cudgeler (level 5, -1/41 HPs)
             Began as a Demonspawn Gladiator on July 20, 2018.
             Slain by a gnoll
             ... wielding a cursed -3 halberd
              (5 damage)
             ... on level 2 of the Dungeon.
             The game lasted 00:03:55 (2128 turns).

sking99 the Cudgeler (Demonspawn Gladiator)         Turns: 2128, Time: 00:03:55

Health: -1/41      AC: 12    Str: 15    XL:     5   Next: 23%
Magic:  5/5        EV:  7    Int: 10    God:
Gold:   44         SH:  4    Dex: 14    Spells: 4/4 levels left

rFire    . . .     SeeInvis .   t - -2 flail (curse)
rCold    . . .     Gourm    .   (no shield)
rNeg     . . .     Faith    .   k - +0 chain mail
rPois    .         Spirit   .   c - +0 helmet
rElec    .         Reflect  .   (no cloak)
rCorr    .         Harm     .   r - +2 pair of gloves
MR       .....                  (no boots)
Stlth    ..........             (no amulet)
HPRegen  0.13/turn              (no ring)
MPRegen  0.09/turn              (no ring)

@: no status effects
A: large bone plates 1, powered by pain 1, rot immunity
a: no special abilities


You were on level 2 of the Dungeon.
You were not hungry.

You visited 1 branch of the dungeon, and saw 2 of its levels.

You collected 44 gold pieces.

Inventory:

Hand Weapons
 a - a +1 flail
 t - a cursed -2 flail (weapon)
Missiles
 d - 2 throwing nets (quivered)
Armour
 c - a +0 helmet (worn)
 k - a +0 chain mail (worn)
 r - a +2 pair of gloves (worn)
Jewellery
 b - an uncursed ring of resist corrosion {unknown}
 i - an uncursed ring of stealth {unknown}
 j - a +2 ring of intelligence {unknown}
Scrolls
 q - a scroll of enchant armour
Potions
 h - 3 potions of curing {unknown}
 p - a potion of berserk rage {unknown}
 s - a potion of might {unknown}
Comestibles
 f - 2 rations
 g - 3 chunks of flesh


   Skills:
 + Level 3.4 Fighting
 * Level 4.5 Maces & Flails
 - Level 2.0 Throwing
 - Level 2.9 Dodging


You had 4 spell levels left.
You didn't know any spells.
Your spell library was empty.

Dungeon Overview and Level Annotations

Branches:
Dungeon (2/15)

Altars:
Uskayaw

Annotations:
D:2 Sigmund, Terence


Innate Abilities, Weirdness & Mutations

You are partially covered in large bone plates. (SH +4)
You sometimes gain a little power by taking damage.
You are immune to rotting.


Message History

The gnoll shouts!
The gnoll hits you with a whip.
* * * LOW HITPOINT WARNING * * *
Terence hits you with a mace.
* * * LOW HITPOINT WARNING * * *
The gnoll hits you with a halberd.
* * * LOW HITPOINT WARNING * * *
You hit Terence but do no damage. The gnoll hits you but does no damage.
You block Terence's attack. You block the gnoll's attack.
The gnoll hits you but does no damage.
You hit Terence.
Terence is moderately wounded.
Sigmund the Dreaded comes into view.
He is wielding a scythe.
You block Terence's attack. The gnoll hits you but does no damage.
The gnoll barely misses you.
You hit Terence.
Terence is moderately wounded.
You block the gnoll's attack. The gnoll barely misses you.
Terence hits you but does no damage. The gnoll hits you with a halberd.
You die...

**,,,,,,@###.#*
*,,,..,,,....####
*,**#.,,,.......#
*,#,..,,,,....gg*
*,#.#.*,**#....,*
*,#.#.*,* #...,,###
*,,..g,,* #..####.#####
***,#@#####..##........
*,#g@g...........g...
*,###)####....#.#####
*,* #....######.....#
*,* #..>.'...........
*,* #....###+##.##..#
*,* #....##.........#
*,* #.#####.........#
*,* #.# #..........
*,**#.# #..........


You could see Terence and 3 gnolls.

Vanquished Creatures
  Jessica (D:2)
  5 gnolls (D:2)
  3 adders (D:2)
  An ooze (D:1)
  3 worms (D:2)
  3 leopard geckos (D:1)
  3 bats (D:1)
  4 giant cockroaches (D:2)
  8 goblins
  8 hobgoblins
  4 jackals (D:1)
  A ball python (D:2)
  A frilled lizard (D:1)
  3 kobolds
  6 rats
54 creatures vanquished.

Notes
Turn   | Place    | Note
-------+----------+-------------------------------------------
     0 | D:1      | sking99 the Demonspawn Gladiator began the quest for the Orb.
     0 | D:1      | Reached XP level 1. HP: 16/16 MP: 1/1
   302 | D:1      | Gained mutation: You sometimes gain a little power by taking damage. [demonic ancestry]
   302 | D:1      | Reached XP level 2. HP: 18/22 MP: 2/2
   559 | D:1      | Reached skill level 3 in Maces & Flails
   634 | D:1      | Gained mutation: You are partially covered in large bone plates. (SH +4) [demonic ancestry]
   634 | D:1      | Reached XP level 3. HP: 28/28 MP: 3/3
   952 | D:2      | Found a hide-covered altar of Uskayaw.
  1034 | D:2      | Noticed Jessica
  1055 | D:2      | Killed Jessica
  1055 | D:2      | Gained mutation: You are immune to rotting. [demonic ancestry]
  1055 | D:2      | Reached XP level 4. HP: 33/35 MP: 4/4
  1060 | D:2      | Reached skill level 4 in Maces & Flails
  2022 | D:2      | Noticed Terence
  2052 | D:2      | Reached XP level 5. HP: 14/41 MP: 5/5
  2127 | D:2      | Noticed Sigmund
  2128 | D:2      | Slain by a gnoll

Vault maps used:
D:1:      giann_wishing_wells
D:2:      lemuel_coloured_pillars_altar, serial_curves, eino_curves_02,
          eino_curves_04, uniq_jessica, uniq_terence, uniq_sigmund

Skill      XL: |  1  2  3  4 |
---------------+-------------+-----
Throwing       | 2 |  2.0
Maces & Flails | 3 4 |  4.5
Fighting       | 3 |  3.4
Dodging        | |  2.9

Action                   |  1- 3 |  4- 6 || total
-------------------------+-------+-------++-------
Melee: Flail             |   133 |    85 ||   218
Throw: Throwing net      |     3 |       ||     3
  Use: Scroll            |       |     5 ||     5
 Stab: Held in net/web   |     1 |       ||     1
  Eat: Chunk             |     1 |     3 ||     4
Armor: Leather armour    |     9 |       ||     9
       Chain mail        |    73 |    37 ||   110
Dodge: Dodged            |    62 |    19 ||    81
Block: Other             |    12 |    19 ||    31

Table legend:
 A = Spawn XP
 B = Non-spawn XP
 C = Spawn XP percentage of total XP
 D = Spawn monster count
 E = Non-spawn monster count
 F = Spawn count percentage of total count
 G = Total turns spent on level
                    A         B        C        D         E        F      G
               +---------+---------+-------+---------+---------+-------+---------
         Total |       0 |     240 |   0.0 |       0 |      54 |   0.0 |  2128
               +---------+---------+-------+---------+---------+-------+---------
           D:1 |       0 |      55 |   0.0 |       0 |      27 |   0.0 |  1145
           D:2 |       0 |     185 |   0.0 |       0 |      27 |   0.0 |   983
               +---------+---------+-------+---------+---------+-------+---------
